 Dungeon Crawl Stone Soup version 0.25-a0-302-g9f758675c1 (webtiles) character file.

Game seed: 10144643452206192349, levelgen mode: deterministic

3405 mopl the Frost Mage (level 10, -5/70 HPs)
             Began as a Merfolk Ice Elementalist on Dec 20, 2019.
             Was a Believer of Kikubaaqudgha.
             Slain by a yak (9 damage)
             ... on level 7 of the Dungeon.
             The game lasted 00:20:44 (9789 turns).

mopl the Frost Mage (Merfolk Ice Elementalist)      Turns: 9789, Time: 00:20:45

Health: -5/70      AC:  9    Str: 13    XL:     10   Next: 4%
Magic:  10/19      EV: 13    Int: 15    God:    Kikubaaqudgha [**....]
Gold:   222        SH:  0    Dex: 20    Spells: 8/22 levels left

rFire    . . .     SeeInvis +   M - +7 pair of quick blades "Gyre" and "Gimble" {protect}
rCold    . . .     Gourm    .   (shield currently unavailable)
rNeg     . . .     Faith    .   d - +0 robe
rPois    .         Spirit   .   m - +2 helmet
rElec    .         Reflect  .   D - +0 cloak
rCorr    .         Harm     .   L - +1 pair of gloves
MR       .....                  g - +0 pair of boots
Stlth    ++........             (no amulet)
HPRegen  0.21/turn              C - ring "Guck" {Str+3 Int-2 Dex+6 SInv}
MPRegen  0.16/turn              (no ring)

@: no status effects
A: change form in water, swift swim, stealthy swim
a: Receive Corpses, Renounce Religion


You were on level 7 of the Dungeon.
You worshipped Kikubaaqudgha.
Kikubaaqudgha was pleased with you.
You were not hungry.

You visited 2 branches of the dungeon, and saw 9 of its levels.
You also visited: Sewer.

You collected 349 gold pieces.
You spent 127 gold pieces at shops.

Inventory:

Hand Weapons
 a - a +2 dagger of venom
 b - a +0 spear
 p - a +0 halberd of protection
 B - a +2 short sword of draining
 G - a +5 trident of distortion {!w}
 M - the +7 pair of quick blades "Gyre" and "Gimble" (weapon) {protect}
   (You found it on level 7 of the Dungeon)

   It grants its wielder temporary protection when it strikes (+7 to AC).
Missiles
 e - 11 boomerangs
 q - 12 poisoned darts (quivered)
 x - a silver boomerang
Armour
 d - a +0 robe (worn)
 g - a +0 pair of boots (worn)
 m - a +2 helmet (worn)
 y - a +0 leather armour of fire resistance
 D - a +0 cloak (worn)
 L - a +1 pair of gloves (worn)
Magical Staves
 F - an uncursed staff of wizardry {!a}
 O - an uncursed staff of power {!a}
Jewellery
 C - the ring "Guck" (left hand) {Str+3 Int-2 Dex+6 SInv}
   (You took it off an orc wizard on level 4 of the Dungeon)

   [ring of intelligence]

   It affects your strength (+3).
   It affects your intelligence (-2).
   It affects your dexterity (+6).
   It lets you see invisible.
Wands
 n - a wand of digging (5)
Scrolls
 f - 4 scrolls of remove curse
 h - 2 scrolls of amnesia {unknown}
 i - 6 scrolls of fear
 l - 5 scrolls of fog
 o - 6 scrolls of blinking {unknown}
 r - 11 scrolls of teleportation
 t - 2 scrolls of magic mapping {unknown}
 z - 2 scrolls of random uselessness {unknown}
 A - 2 scrolls of immolation {unknown}
 E - a scroll of torment {unknown}
 K - 2 scrolls of identify
Potions
 j - a potion of mutation {!q}
 k - 2 potions of resistance
 s - 2 potions of invisibility
 u - a potion of magic
 v - 2 potions of flight
 w - 3 potions of might
 I - a potion of curing
Miscellaneous
 P - a sack of spiders
Comestibles
 c - 11 rations
 H - a chunk of flesh


   Skills:
 + Level 3.4 Fighting
 + Level 6.5 Polearms
 + Level 3.1 Throwing
 - Level 2.6 Dodging
 - Level 2.1 Stealth
 * Level 6.6 Spellcasting
 + Level 2.6 Conjurations
 - Level 3.0 Charms
 - Level 4.0 Summonings
 + Level 2.3 Necromancy
 * Level 9.0 Ice Magic


You had 8 spell levels left.
You knew the following spells:

 Your Spells              Type           Power        Failure   Level  Hunger
a - Freeze                Ice            ####         1%          1    None
b - Hailstorm             Conj/Ice       ###.....     13%         4    ####...
c - Corpse Rot            Necr/Air       N/A          13%         2    #......
d - Summon Ice Beast      Ice/Summ       ###.....     10%         4    ####...
s - Ozocubu's Armour      Chrm/Ice       ###.....     3%          3    ##.....

Your spell library contained the following spells:

 Spells                   Type           Power        Failure   Level  Hunger
 Ensorcelled Hibernation  Hex/Ice        ###...       3%          2    #......
 Magic Dart               Conj           ##..         4%          1    None
 Pain                     Necr           ##..         5%          1    None
 Searing Ray              Conj           ##....       7%          2    #......
 Sublimation of Blood     Necr           ##........   8%          2    #......
 Corona                   Hex            #......      14%         1    None
 Vampiric Draining        Necr           ##........   16%         3    ##.....
 Dazzling Flash           Conj/Hex       #.....       24%         3    ##.....
 Confuse                  Hex            #.......     38%         3    ##.....
 Tukima's Dance           Hex            #.......     38%         3    ##.....
 Aura of Abjuration       Summ           ###.......   58%         5    ######.
 Summon Demon             Summ           ###.......   58%         5    ######.
 Fulminant Prism          Conj/Hex       #.........   63%         4    ####...
 Iskenderun's Mystic Bla  Conj/Tloc      #.......     63%         4    ####...
 Iskenderun's Battlesphe  Conj/Chrm      ##......     77%         5    ######.
 Agony                    Necr           ##......     82%         5    ######.
 Alistair's Intoxication  Tmut/Pois      #.......     98%         5    ######.
 Yara's Violent Unravell  Hex/Tmut       #.........   98%         5    ######.


Dungeon Overview and Level Annotations

Branches:
Dungeon (8/15)             Temple (1/1) D:5           Sewer (visited)
   Lair: D:8-11

Altars:
Ashenzari
Cheibriados
Elyvilon
Fedhas
Gozag
Hepliaklqana
Kikubaaqudgha
Nemelex Xobeh
Okawaru
Qazlal
Ru
Sif Muna
Vehumet
Wu Jian
Xom
Zin
The Shining One

Shops:
D:5 ?


Message History

Unknown command.
Unknown command.
Unknown command.
Unknown command.
Casting: Freeze (safe; 1% risk of failure)
Confirm with . or Enter, or press ? or * to list all spells.
Aiming: Freeze (safe; 1% risk of failure)
Press: ? - help, Shift-Dir - straight line, f - yak
Aim: a yak You freeze the yak!
The yak is moderately wounded.
The yak gores you.
* * * LOW HITPOINT WARNING * * *
The yak barely misses you. The yak gores you.
* * * LOW HITPOINT WARNING * * *
The yak gores you!
* * * LOW HITPOINT WARNING * * *
The yak gores you!
You die...
Kikubaaqudgha rasps: "You have failed me!
Welcome... death!"

.).##.........##.......####....#
##..#)#.#.#.#.#..........#.....#
....##.......##...)......#.....#
.....#[#.#.#.#....)...>..#.....#
.....##.....##...........#.....#
...#..#.#.#.#.............>....##
.)....##...##.#....Y.............
...#...#.#.#..<.###Y#....########
...#...##.##....@YY......#
........#.#..##.###.#....#
...##...#'#.....##..#....#
#.#####..#)..#####.##....#
#........#...# #.##....#
########....## ######### ######


You could see 3 yaks.

Vanquished Creatures
  An unseen horror (D:7)
  Edmund (D:4)
  A porcupine (D:8)
  2 ice beasts (D:7)
  2 sky beasts (D:7)
  3 ogres
  A phantom (D:4)
  A centaur (D:5)
  A crocodile (D:8)
  A bullfrog (D:8)
  2 big kobolds (Sewer)
  3 scorpions
  A water moccasin skeleton (D:6)
  A wight (D:7)
  2 howler monkeys (D:7)
  A crimson imp (D:7)
  2 bullfrog zombies
  A gnoll shaman (D:5)
  2 quasits
  A hound (D:4)
  2 jellies
  2 bullfrog skeletons
  A centaur skeleton (D:7)
  2 orc priests
  2 orc wizards
  7 worker ants
  A statue (D:6)
  A howler monkey zombie (D:5)
  7 gnolls
  5 adders
  A river rat (Sewer)
  An adder skeleton (D:5)
  9 worms
  5 leopard geckos
  22 orcs
  7 giant cockroaches
  7 goblins
  12 hobgoblins
  12 jackals
  3 quokkas
  5 ball pythons
  7 bats
  A frilled lizard (D:3)
  2 goblin skeletons (D:6)
  3 hobgoblin zombies (D:6)
  12 kobolds
  A kobold zombie (D:6)
  A leopard gecko zombie (D:7)
  An orc zombie (D:6)
  2 rats (D:1)
174 creatures vanquished.

Vanquished Creatures (collateral kills)
  A hungry ghost (D:7)
  A vampire mosquito (D:7)
  Menkaure (D:6)
  A phantom (D:5)
  A gnoll sergeant (D:6)
  A jelly (D:7)
  A hound (D:7)
  A leopard gecko (D:6)
8 creatures vanquished.

Vanquished Creatures (others)
  A fungus (D:8)
  2 plants (D:8)
3 creatures vanquished.

Grand Total: 185 creatures vanquished

Notes
Turn   | Place    | Note
-------+----------+-------------------------------------------
     0 | D:1      | mopl the Merfolk Ice Elementalist began the quest for the
                  | Orb.
     0 | D:1      | Reached XP level 1. HP: 13/13 MP: 3/3
    73 | D:1      | You fall into a shaft and drop 1 floor!
   104 | D:2      | Reached XP level 2. HP: 19/19 MP: 0/5
   770 | D:1      | Reached XP level 3. HP: 12/24 MP: 6/6
   905 | D:1      | Reached skill level 5 in Ice Magic
  1457 | D:2      | Reached skill level 1 in Polearms
  1504 | D:2      | Reached XP level 4. HP: 30/30 MP: 8/8
  1509 | D:2      | Learned a level 3 spell: Ozocubu's Armour
  1514 | D:2      | Learned a level 4 spell: Summon Ice Beast
  1845 | D:2      | Reached skill level 3 in Spellcasting
  2323 | D:3      | Found a glowing drain.
  2355 | Sewer    | Entered a sewer
  2489 | Sewer    | Noticed a big kobold
  2503 | Sewer    | Killed a big kobold
  2503 | Sewer    | Reached skill level 2 in Polearms
  2503 | Sewer    | Reached XP level 5. HP: 26/35 MP: 9/9
  2740 | Sewer    | Noticed a big kobold
  2759 | Sewer    | Killed a big kobold
  2759 | Sewer    | Reached skill level 1 in Charms
  2759 | Sewer    | Reached skill level 1 in Summonings
  2844 | Sewer    | Reached XP level 6. HP: 16/41 MP: 11/11
  3154 | D:3      | Reached skill level 6 in Ice Magic
  3165 | D:4      | HP: 2/41 [worker ant (4)]
  3534 | D:4      | Reached skill level 3 in Polearms
  4127 | D:4      | Identified the cursed ring "Guck" {Str+3 Int-2 Dex+6 SInv}
  4163 | D:3      | Reached skill level 4 in Spellcasting
  4163 | D:3      | Reached skill level 2 in Charms
  4374 | D:4      | Reached XP level 7. HP: 39/46 MP: 8/13
  4489 | D:4      | Reached skill level 2 in Summonings
  4678 | D:4      | Noticed Edmund
  4701 | D:4      | Killed Edmund
  5069 | D:4      | Reached skill level 4 in Polearms
  5159 | D:4      | Found a hazy altar of Hepliaklqana.
  5398 | D:4      | Found a hazy altar of Hepliaklqana.
  5624 | D:5      | Entered Level 5 of the Dungeon
  5676 | D:5      | Learned a level 4 spell: Hailstorm
  5700 | D:5      | HP: 1/46 [ogre/+0 giant spiked club (16)]
  6005 | D:5      | Reached skill level 7 in Ice Magic
  6045 | D:5      | Reached skill level 3 in Charms
  6045 | D:5      | Reached XP level 8. HP: 44/52 MP: 5/15
  6147 | D:5      | Reached skill level 5 in Spellcasting
  6384 | D:5      | Reached skill level 1 in Fighting
  6384 | D:5      | Reached skill level 1 in Throwing
  6604 | D:5      | Found a sacrificial altar of Ru.
  6632 | D:5      | Reached skill level 3 in Summonings
  6785 | D:5      | Found a staircase to the Ecumenical Temple.
  6816 | D:5      | Reached skill level 1 in Conjurations
  6826 | Temple   | Entered the Ecumenical Temple
  7046 | Temple   | Became a worshipper of Kikubaaqudgha
  7067 | D:5      | Found Hacitz's Magic Scroll Emporium.
  7351 | D:5      | Bought a scroll of fear for 52 gold pieces
  7351 | D:5      | Bought a scroll of fog for 30 gold pieces
  7351 | D:5      | Bought a scroll of remove curse for 45 gold pieces
  7446 | D:5      | Reached skill level 5 in Polearms
  7480 | D:5      | Found a snail-covered altar of Cheibriados.
  7748 | D:6      | Noticed Menkaure
  7761 | D:6      | Killed Menkaure
  8592 | D:6      | Found a glowing golden altar of the Shining One.
  8702 | D:6      | Found a radiant altar of Vehumet.
  8713 | D:6      | Reached * piety under Kikubaaqudgha
  8713 | D:6      | Identified Kikubaaqudgha's Reference Book on Necromancy
                  | (Kikubaaqudgha gifted it to you on level 6 of the Dungeon)
  8713 | D:6      | Received a gift from Kikubaaqudgha
  8713 | D:6      | Reached skill level 1 in Necromancy
  8713 | D:6      | Reached XP level 9. HP: 46/61 MP: 17/17
  8718 | D:6      | Learned a level 2 spell: Corpse Rot
  9032 | D:7      | Reached skill level 2 in Fighting
  9032 | D:7      | Reached skill level 2 in Throwing
  9032 | D:7      | Reached skill level 8 in Ice Magic
  9248 | D:7      | Reached skill level 6 in Spellcasting
  9248 | D:7      | Reached skill level 2 in Conjurations
  9270 | D:7      | Noticed an unseen horror
  9284 | D:7      | Killed an unseen horror
  9284 | D:7      | Reached skill level 6 in Polearms
  9284 | D:7      | Reached skill level 4 in Summonings
  9284 | D:7      | Reached skill level 2 in Necromancy
  9323 | D:7      | Found the +7 pair of quick blades "Gyre" and "Gimble"
                  | {protect}
  9328 | D:7      | Identified Sophisticated Rites and Rhymes
  9404 | D:7      | Reached skill level 3 in Fighting
  9445 | D:7      | Reached ** piety under Kikubaaqudgha
  9607 | D:7      | Reached skill level 3 in Throwing
  9731 | D:8      | Reached XP level 10. HP: 58/70 MP: 19/19
  9745 | D:8      | Reached skill level 9 in Ice Magic
  9786 | D:7      | HP: 3/70 [yak (14)]
  9789 | D:7      | Slain by a yak

Levels and vault maps discovered:
D:1:      minmay_arrival_diagonal_passages, layout_basic,
          chequers_serial_rivers_marsh
D:2:      layout_loops_corners, first_ration
D:3:      layout_basic, portal_sewer_entry_f
D:4:      layout_basic, kennysheep_mini, uniq_edmund
D:5:      layout_loops_ring, hangedman_ru_absence,
          nicolae_overflow_crystal_walls, minmay_temple_entry_mini_moons,
          serial_shops, shop
D:6:      layout_cave_pools, vehumet_statue, nicolae_tso_besieged_by_evil,
          uniq_menkaure
D:7:      minmay_the_grid_four_pointed_star
          [minmay_the_grid_triangle_9x9_pentomino_pain,
          minmay_the_grid_triangle_9x9_semitri,
          minmay_the_grid_triangle_9x9_descending_squares,
          minmay_the_grid_triangle_9x9_sparse_checkered,
          minmay_the_grid_prize_diamond_cup], layout_rooms
D:8:      kennysheep_orc_sif_temple, layout_rooms, minmay_lair_entry_grove,
          blue_anna_alchemist [blue_anna_fruit_fields, blue_anna_fruit_fields]
Temple:   oiseaux_autumnal_temple

Skill      XL: |  1  2  3  4  5  6  7  8  9 10 |
---------------+-------------------------------+-----
Ice Magic      | 5 6 7 8 9 |  9.0
Polearms       | 1 2 3 4 5 6 |  6.5
Spellcasting   | 3 4 5 6 |  6.6
Charms         | 1 2 3 |  3.0
Summonings     | 1 2 3 4 |  4.0
Fighting       | 1 3 |  3.4
Throwing       | 1 3 |  3.1
Conjurations   | 1 2 |  2.6
Necromancy     | 1 2 |  2.3
Dodging        | |  2.6
Stealth        | |  2.1

Action                   |  1- 3 |  4- 6 |  7- 9 | 10-12 || total
-------------------------+-------+-------+-------+-------++-------
Melee: Unarmed           |    26 |       |       |       ||    26
       Dagger            |    48 |   103 |   206 |       ||   357
       Tailslap          |       |     2 |       |       ||     2
       Spear             |       |       |    31 |       ||    31
       Halberd           |       |       |   106 |       ||   106
       Pair of quick bla |       |       |    37 |       ||    37
Throw: Boomerang         |       |       |     9 |       ||     9
       Dart              |       |       |    10 |     1 ||    11
 Cast: Freeze            |    22 |    40 |    75 |    12 ||   149
       Ozocubu's Armour  |       |     1 |     8 |     1 ||    10
       Summon Ice Beast  |       |       |    17 |       ||    17
  Use: Scroll            |       |     5 |     7 |       ||    12
       Potion            |       |     1 |     1 |       ||     2
 Stab: Sleeping          |     5 |     4 |     5 |       ||    14
       Distracted        |       |       |     1 |       ||     1
  Eat: Chunk             |     2 |     9 |    20 |       ||    31
       Ration            |       |       |     1 |       ||     1
Armor: Robe              |    16 |    23 |   166 |     6 ||   211
Dodge: Dodged            |    63 |    99 |   360 |    12 ||   534

Table legend:
 A = Non-vault XP
 B = Vault XP
 C = Vault XP percentage of total XP
 D = Non-vault monster count
 E = Vault monster count
 F = Vault count percentage of total count
                 A         B        C        D         E       F
            +---------+---------+-------+---------+---------+-------
      Total |    2917 |    1948 |  40.0 |     140 |      42 |  23.1
            +---------+---------+-------+---------+---------+-------
        D:1 |      28 |       0 |   0.0 |      17 |       0 |   0.0
        D:2 |      59 |       0 |   0.0 |      22 |       0 |   0.0
        D:3 |     156 |      13 |   7.7 |      20 |       5 |  20.0
        D:4 |     328 |     169 |  34.0 |      17 |       1 |   5.6
        D:5 |     975 |       0 |   0.0 |      28 |       0 |   0.0
        D:6 |     273 |     180 |  39.7 |      16 |      10 |  38.5
        D:7 |     845 |    1216 |  59.0 |      17 |      11 |  39.3
        D:8 |     253 |     137 |  35.1 |       3 |       1 |  25.0
      Sewer |       0 |     233 | 100.0 |       0 |      14 | 100.0
            +---------+---------+-------+---------+---------+-------
